 Dungeon Crawl Stone Soup version 0.28-b1-1-g3c77fb2ed1 (webtiles) character file.

Game seed: 15597412026144664761

7971 Minsecho the Basher (level 11, -6/95 HPs)
             Began as a Minotaur Fighter on Jan 30, 2022.
             Was a High Priest of Okawaru.
             Mangled by a skeletal warrior (21 damage)
             ... on level 9 of the Dungeon.
             The game lasted 00:19:22 (10040 turns).

Minsecho the Basher (Minotaur Fighter)             Turns: 10040, Time: 00:19:22

Health: -6/95      AC: 17    Str: 20    XL:     11   Next: 3%
Magic:  10/10      EV: 13    Int:  9    God:    Okawaru [*****.]
Gold:   832        SH:  7    Dex: 15    Spells: 10/10 levels left

rFire   . . .      SeeInvis +   q - +5 whip (venom)
rCold   . . .      Faith    .   O - +1 buckler {AC+3}
rNeg    . . .      Spirit   .   l - +5 ring mail "Emesoon" {Harm rCorr Int+4}
rPois   .          Reflect  .   (helmet restricted)
rElec   .          Harm     +   f - +0 cloak
rCorr   +          Rampage  .   (no gloves)
Will    .....      Clarity  +   A - +0 pair of boots
Stlth   ++........              (no amulet)
HPRegen 0.25/turn               (no ring)
MPRegen 0.12/turn               (no ring)

@: studying Dodging
A: horns 2, retaliatory headbutt, see invisible, clarity
a: Renounce Religion, Heroism, Finesse, Duel


You were on level 9 of the Dungeon.
You worshipped Okawaru.
Okawaru was extremely pleased with you.
You visited 2 branches of the dungeon, and saw 10 of its levels.
You also visited: Sewer and Ossuary.

You collected 832 gold pieces.

Inventory:

Hand Weapons
 a - a +0 war axe
 q - a +5 whip of venom (weapon)
 H - a +0 short sword
Missiles
 v - 2 throwing nets (quivered)
 C - 288 stones
Armour
 b - a +0 scale mail
 c - a +0 buckler
 f - a +0 cloak (worn)
 l - the +5 ring mail "Emesoon" (worn) {Harm rCorr Int+4}
   (You found it on level 2 of the Dungeon)

   Int:       It affects your intelligence (+4).
   rCorr:     It protects you from acid and corrosion.
   Harm:      It increases damage dealt and taken.
 A - a +0 pair of boots (worn)
 O - a +1 buckler of protection (worn)
Jewellery
 u - an amulet of faith
 M - a ring of flight
Wands
 o - a wand of mindburst (6)
 E - a wand of digging (11)
Scrolls
 e - 4 scrolls of noise
 j - 3 scrolls of enchant weapon
 m - 6 scrolls of teleportation
 t - a scroll of amnesia
 w - a scroll of blinking {unknown}
 x - a scroll of acquirement {unknown}
 y - 2 scrolls of fear
 z - a scroll of magic mapping
 B - a scroll of summoning
 D - a scroll of holy word {unknown}
 F - a scroll of enchant armour {unknown}
 G - a scroll of fog {unknown}
 J - 2 scrolls of vulnerability {unknown}
Potions
 d - 5 potions of might
 g - 2 potions of mutation
 i - 4 potions of degeneration
 k - 3 potions of ambrosia
 n - 2 potions of haste {unknown}
 p - 6 potions of flight
 r - 3 potions of brilliance {unknown}
 s - 4 potions of curing
 I - a potion of invisibility {unknown}
 K - a potion of cancellation {unknown}
 L - a potion of magic {unknown}
 N - a potion of resistance {unknown}
Miscellaneous
 h - a tin of tremorstones (2/2)
 P - a phantom mirror


   Skills:
 + Level 8.6 Fighting
 + Level 6.7(9.8) Axes
 + Level 11.0(11.8) Maces & Flails
 + Level 9.2 Armour
 + Level 6.4 Dodging
 - Level 2.6 Stealth
 + Level 8.2 Shields
 + Level 1.0 Evocations


You had 10 spell levels left.
You didn't know any spells.
Your spell library contained the following spells:

 Spells                   Type           Power      Damage    Failure   Level
 Passage of Golubria      Tloc           0%         N/A       100%        4
 Yara's Violent Unravell  Hex/Tmut       0%         3d3       100%        5
 Tukima's Dance           Hex            Unusable   N/A       N/A         3

Dungeon Overview and Level Annotations

Branches:
Dungeon (9/15)             Temple (1/1) D:5            Lair (0/6) D:9
  Sewer (visited)         Ossuary (visited)
    Orc: D:9-12

Altars:
Ashenzari
Cheibriados
Dithmenos
Elyvilon
Gozag
Hepliaklqana
Kikubaaqudgha
Makhleb
Nemelex Xobeh
Okawaru
Qazlal
Ru
Sif Muna
Trog
Uskayaw
Vehumet
Wu Jian
Xom
Zin

Annotations:
D:5 3 runed translucent doors, cayde69's ghost, novice TrFi
D:9 1 runed translucent door


Innate Abilities, Weirdness & Mutations

You have a pair of horns on your head.
You reflexively headbutt those who attack you in melee.
You have supernaturally acute eyesight. (SInv)
You possess an exceptional clarity of mind.


Message History

You closely miss the skeletal warrior. You headbutt the skeletal warrior.
The skeletal warrior is heavily damaged.
You hit the skeletal warrior but do no damage.
Your headbutt misses the skeletal warrior.
The skeletal warrior is heavily damaged.
The skeletal warrior hits you with a +0 scimitar!
You hit the skeletal warrior but do no damage.
The skeletal warrior is heavily damaged.
You whack the skeletal warrior! You headbutt the skeletal warrior.
The skeletal warrior is severely damaged.
The skeletal warrior hits you but does no damage.
You hit the skeletal warrior but do no damage.
You headbutt the skeletal warrior, but do no damage.
The skeletal warrior is severely damaged.
You barely miss the skeletal warrior.
The skeletal warrior is severely damaged.
The skeletal warrior hits you with a +0 scimitar!
You hit the skeletal warrior but do no damage.
The skeletal warrior is severely damaged.
You hit the skeletal warrior.
You headbutt the skeletal warrior, but do no damage.
The skeletal warrior is severely damaged.
The skeletal warrior hits you with a +0 scimitar!
* * * LOW HITPOINT WARNING * * *
You hit the skeletal warrior but do no damage.
The skeletal warrior is severely damaged.
The skeletal warrior hits you but does no damage.
You hit the skeletal warrior. You headbutt the skeletal warrior!
The skeletal warrior is almost destroyed.
You barely miss the skeletal warrior.
The skeletal warrior is almost destroyed.
The skeletal warrior hits you with a +0 scimitar!
* * * LOW HITPOINT WARNING * * *
Okay, then.
You feel better.
The skeletal warrior hits you with a +0 scimitar!
* * * LOW HITPOINT WARNING * * *
You feel better.
The skeletal warrior hits you with a +0 scimitar!!
You die...

#.###.####.###########
#.# #...<.K.z......[..
#.######.#....###.....
#........#....# #.....
##########....# #..'##
#.............# #..#..
#.#########...# #z.#.#
#.###### #...###..#.#
#...z@.# #...#....#.#
######.# #...#.#.##..
#.# #...#.#.#.## #.#
#...#.#.#... ##.##
#####.#.#._. #...#
#####.#.#... #...#
#.......#### #...#
#.........#
#...###.........#


You could see a skeletal warrior.

Vanquished Creatures
  A tengu warrior (D:9)
  An ugly thing (D:9)
  3 manticores (D:9)
  An efreet (D:9)
  2 trolls (D:9)
  A hornet (D:9)
  Prince Ribbit (D:8)
  2 wyverns
  A yak (D:9)
  4 steam dragons
  Edmund (D:6)
  2 water moccasins
  An orc warrior (D:8)
  An ice beast (D:7)
  3 black bears
  3 ogres
  2 necrophages
  A centaur (D:6)
  6 kobold brigands
  6 bullfrogs
  A scorpion (D:6)
  2 gnoll sergeants
  A water moccasin zombie (D:5)
  12 wights
  4 crimson imps (D:5)
  A centaur zombie (D:7)
  A bullfrog zombie (D:6)
  2 jellies
  4 hounds
  2 bullfrog skeletons
  4 orc priests
  Jessica (D:2)
  Natasha (D:2)
  4 orc wizards
  8 mummies (Ossuary)
  10 gnolls
  7 adders
  2 river rats (Sewer)
  A shadow imp (D:6)
  A white imp (D:6)
  An ufetubus (D:6)
  A worm (D:5)
  2 dart slugs
  25 orcs
  4 endoplasms
  A giant cockroach (D:2)
  6 goblins
  7 hobgoblins
  14 jackals
  A quokka (D:1)
  5 ball pythons
  8 bats
  2 frilled lizards (D:3)
  A gnoll zombie (Ossuary)
  5 hobgoblin zombies (Ossuary)
  24 kobolds
  A kobold zombie (Ossuary)
  An orc zombie (Ossuary)
  3 rats
224 creatures vanquished.

Vanquished Creatures (others)
  A howler monkey zombie (D:9)
  A fungus (D:9)
  4 plants
6 creatures vanquished.

Grand Total: 230 creatures vanquished

Notes
Turn   | Place    | Note
-------+----------+-------------------------------------------
     0 | D:1      | Minsecho the Minotaur Fighter began the quest for the Orb.
     0 | D:1      | Reached XP level 1. HP: 19/19 MP: 0/0
   230 | D:1      | Reached XP level 2. HP: 24/27 MP: 1/1
   472 | D:1      | Found a faded altar of an unknown god.
   626 | D:1      | Reached XP level 3. HP: 30/33 MP: 2/2
   872 | D:2      | Noticed Jessica
   881 | D:2      | Killed Jessica
  1044 | D:2      | Identified the +5 ring mail "Emesoon" {Harm rCorr Int+4}
  1333 | D:2      | Reached XP level 4. HP: 41/41 MP: 3/3
  1581 | D:2      | Noticed Natasha
  1586 | D:2      | Killed Natasha
  1859 | D:3      | Reached XP level 5. HP: 31/47 MP: 4/4
  1978 | D:3      | Reached skill level 1 in Dodging
  2041 | D:3      | Found a glowing drain.
  2069 | Sewer    | Entered a sewer
  2153 | Sewer    | Reached skill level 5 in Axes
  2153 | Sewer    | Reached XP level 6. HP: 44/53 MP: 5/5
  2260 | Sewer    | Found a white marble altar of Elyvilon.
  2639 | D:3      | Found an opulent altar of Gozag.
  2763 | D:4      | Reached skill level 5 in Armour
  2766 | D:4      | Reached XP level 7. HP: 37/60 MP: 6/6
  2870 | D:4      | Found a sand-covered staircase.
  2878 | Ossuary  | Entered an ossuary
  3062 | Ossuary  | Reached skill level 1 in Maces & Flails
  3068 | Ossuary  | Reached skill level 5 in Fighting
  3588 | D:4      | Found a sacrificial altar of Ru.
  3653 | D:4      | Reached skill level 2 in Maces & Flails
  3995 | D:5      | Entered Level 5 of the Dungeon
  4000 | D:5      | Reached skill level 5 in Shields
  4004 | D:5      | Reached skill level 3 in Maces & Flails
  4118 | D:5      | Found a shimmering altar of Xom.
  4119 | D:5      | Gained mutation: You are agile. (Dex +2) [potion of
                  | mutation]
  4119 | D:5      | Gained mutation: Your system is resistant to poisons.
                  | (rPois) [potion of mutation]
  4123 | D:5      | Reached skill level 4 in Maces & Flails
  4132 | D:5      | Reached XP level 8. HP: 65/68 MP: 7/7
  4199 | D:5      | Found a staircase to the Ecumenical Temple.
  4205 | Temple   | Entered the Ecumenical Temple
  4268 | Temple   | Became a worshipper of Warmaster Okawaru
  4326 | D:5      | Found a runed translucent gate.
  4352 | D:5      | Reached skill level 5 in Maces & Flails
  4486 | D:5      | Found a runed translucent gate.
  4487 | D:5      | Found a runed translucent gate.
  4496 | D:5      | Noticed cayde69's ghost (novice TrFi)
  4983 | D:6      | Reached skill level 6 in Maces & Flails
  5001 | D:6      | Noticed Edmund
  5011 | D:6      | Killed Edmund
  5012 | D:6      | Reached skill level 1 in Stealth
  5012 | D:6      | Reached * piety under Okawaru
  5191 | D:6      | Reached skill level 7 in Maces & Flails
  5340 | D:6      | Reached XP level 9. HP: 75/75 MP: 8/8
  5981 | D:6      | Reached ** piety under Okawaru
  6153 | D:6      | Found a hazy altar of Hepliaklqana.
  6164 | D:6      | Found a stormy altar of Qazlal.
  6164 | D:6      | Found a broken altar of Ashenzari.
  6281 | D:7      | Reached skill level 8 in Maces & Flails
  6612 | D:7      | Found a hide-covered altar of Uskayaw.
  6700 | D:7      | Reached skill level 5 in Dodging
  6704 | D:7      | Reached skill level 9 in Maces & Flails
  7361 | D:8      | Reached *** piety under Okawaru
  7492 | D:8      | Noticed Prince Ribbit
  7502 | D:8      | Killed Prince Ribbit
  7503 | D:8      | Reached XP level 10. HP: 76/86 MP: 9/9
  8053 | D:8      | Lost mutation: Your system is resistant to poisons. (rPois)
                  | [potion of mutation]
  8053 | D:8      | Lost mutation: You are agile. (Dex +2) [potion of mutation]
  8053 | D:8      | Gained mutation: You possess an exceptional clarity of
                  | mind. [potion of mutation]
  8053 | D:8      | Gained mutation: You have supernaturally acute eyesight.
                  | (SInv) [potion of mutation]
  8150 | D:9      | Found a burning altar of Makhleb.
  8165 | D:9      | Found a shimmering blue altar of Sif Muna.
  8197 | D:9      | Noticed a manticore
  8226 | D:9      | Killed a manticore
  8228 | D:9      | Reached skill level 10 in Maces & Flails
  8233 | D:9      | Noticed a manticore
  8242 | D:9      | Noticed a skeletal warrior
  8243 | D:9      | Killed a manticore
  8243 | D:9      | Reached **** piety under Okawaru
  8743 | D:9      | Noticed a manticore
  8760 | D:9      | Killed a manticore
  8984 | D:9      | Found a staircase to the Lair.
  9395 | D:9      | Noticed a tengu warrior
  9421 | D:9      | Killed a tengu warrior
  9668 | D:9      | Reached ***** piety under Okawaru
  9669 | D:9      | Reached skill level 11 in Maces & Flails
  9771 | D:9      | Noticed a brown ugly thing
  9781 | D:9      | Killed a brown ugly thing
  9782 | D:9      | Reached skill level 1 in Evocations
  9782 | D:9      | Reached XP level 11. HP: 87/95 MP: 10/10
  9936 | D:9      | Found a runed translucent door.
 10040 | D:9      | Mangled by a skeletal warrior

Illustrated notes

Levels and vault maps discovered:
D:1:      dpeg_arrival_tiny_g, layout_rooms,
          dreamdust_ecumenical_altar_hidden_monk_grotto, serial_park_tiny_pond,
          serial_bayou_pond_a
D:2:      layout_loops_corners, uniq_natasha, uniq_jessica
D:3:      layout_basic, nicolae_overflow_hidden_temple, portal_sewer_entry_d,
          grunt_ministairs_5
D:4:      layout_basic, mainiacjoe_overflow_catwalk,
          lightli_ossuary_entry_decrepit_ruins, serial_rivers,
          chequers_serial_rivers_micro_a, chequers_serial_rivers_marsh,
          chequers_serial_rivers_large_b, chequers_serial_rivers_marsh,
          chequers_serial_rivers_micro_a, chequers_serial_rivers_small_b,
          minmay_misc_feat_encased
D:5:      layout_cave_pools, led_xom_imps, minmay_temple_entry_gardened_gates,
          ebering_ghost_rock_garden, serial_rivers,
          chequers_serial_rivers_micro_c, chequers_serial_rivers_micro_e,
          chequers_serial_rivers_large_a, chequers_serial_rivers_micro_e,
          mrwooster_statue_mirror
D:6:      layout_basic, overflow_temple_1_default,
          gammafunk_temple_overflow_statue, uniq_edmund
D:7:      layout_cave_pools, mainiacjoe_overflow_six_doors_small
D:8:      layout_loops_cross, nicolae_elevator_lobby_plus, uniq_prince_ribbit1
D:9:      minmay_the_grid_triangle_9x9_rhombus_thin_mashed
          [minmay_the_grid_triangle_9x9_subtriangle,
          minmay_the_grid_triangle_9x9_prize_center,
          minmay_the_grid_triangle_9x9_sparse_checkered,
          minmay_the_grid_triangle_9x9_descending_squares], layout_basic,
          mainiacjoe_overflow_swirl, david_lair_generic
Temple:   eino_wide_crystal_templ

Skill      XL: |  1  2  3  4  5  6  7  8  9 10 |
---------------+-------------------------------+-----
Armour         | 4 5 6 7 9 |  9.2
Fighting       | 4 5 6 7 8 |  8.6
Axes           | 3 4 5 6 |  6.7
Shields        | 4 5 6 8 |  8.2
Dodging        | 2 3 4 5 6 |  6.4
Maces & Flails | 4 7 9 11 | 11.0
Stealth        | 1 2 |  2.6
Evocations     | 1 |  1.0

Action                   |  1- 3 |  4- 6 |  7- 9 | 10-12 || total
-------------------------+-------+-------+-------+-------++-------
Melee: War axe           |    55 |    89 |       |       ||   144
       Headbutt          |    11 |    16 |    67 |    43 ||   137
       Whip              |       |    27 |   330 |   152 ||   509
Evoke: Wand              |       |       |       |     7 ||     7
  Use: Scroll            |       |       |     3 |    10 ||    13
       Potion            |       |       |     1 |     8 ||     9
 Stab: Invisible         |       |       |     1 |       ||     1
       Sleeping          |       |       |     1 |       ||     1
       Distracted        |       |       |       |     1 ||     1
Armor: Scale mail        |    15 |       |       |       ||    15
       Chain mail        |    11 |       |       |       ||    11
       Ring mail         |     7 |    54 |   107 |    58 ||   226
Dodge: Dodged            |    22 |    69 |   149 |    60 ||   300
Block: Buckler           |    15 |    37 |    70 |    32 ||   154
